 Dungeon Crawl Stone Soup version 0.21-a0-578-gc6e9d75 (webtiles) character file.

504 Lanoc the Slasher (level 6, -2/56 HPs)
             Began as a Minotaur Monk on Dec 18, 2017.
             Was a Believer of Okawaru.
             Killed from afar by an orc wizard (6 damage)
             ... with a magic dart
             ... on level 5 of the Dungeon.
             The game lasted 00:10:16 (3234 turns).

Lanoc the Slasher (Minotaur Monk)                   Turns: 3234, Time: 00:10:17

Health: -2/56      AC:  8    Str: 20    XL:     6   Next: 96%
Magic:  6/6        EV:  8    Int:  7    God:    Okawaru [**....]
Gold:   237        SH:  0    Dex: 15    Spells: 5/5 levels left

rFire    + . .     SeeInvis .   m - +0 long sword
rCold    . . .     Gourm    +   (no shield)
rNeg     . . .     Faith    .   e - +0 chain mail
rPois    .         Spirit   .   (helmet restricted)
rElec    .         Reflect  .   (no cloak)
rCorr    .         Harm     .   (no gloves)
MR       .....                  (no boots)
Stlth    ..........             j - amulet of the gourmand
HPRegen  0.18/turn              k - ring of protection from fire
MPRegen  0.10/turn              (no ring)

@: mighty, heavily drained
A: retaliatory headbutt, horns 2
a: Heroism, Renounce Religion


You were on level 5 of the Dungeon.
You worshipped Okawaru.
Okawaru was pleased with you.
You were completely stuffed.

You visited 1 branch of the dungeon, and saw 5 of its levels.

You collected 237 gold pieces.

Inventory:

Hand Weapons
 m - a +0 long sword (weapon)
Missiles
 s - 12 arrows
Armour
 e - a +0 chain mail (worn)
Jewellery
 a - an uncursed amulet of harm {unknown}
 j - an amulet of the gourmand (around neck)
 k - a ring of protection from fire (left hand)
 x - an uncursed amulet of regeneration {unknown}
 y - an uncursed amulet of magic regeneration {unknown}
Wands
 r - a wand of enslavement (14)
Scrolls
 f - a scroll of fear {unknown}
 g - a scroll of amnesia {unknown}
 i - a scroll of identify {unknown}
 l - a scroll of magic mapping {unknown}
 n - 3 scrolls of teleportation {unknown}
 o - a scroll of remove curse {unknown}
 u - a scroll of blinking {unknown}
Potions
 h - a potion of curing {unknown}
 p - a potion of mutation {unknown}
 q - a potion of magic {unknown}
 v - 2 potions of brilliance {unknown}
 w - a potion of agility {unknown}
Books
 t - a book of Cantrips

   Spells                             Type                      Level
   a - Confusing Touch                Hexes                        1
   b - Animate Skeleton               Necromancy                   1
   c - Summon Small Mammal            Summoning                    1
   d - Apportation                    Translocation                1
Comestibles
 c - 13 rations


   Skills:
 + Level 5.4(2.5) Fighting
 + Level 5.6(2.7) Long Blades
 + Level 3.9(1.1) Armour
 + Level 4.9(2.0) Dodging
 - Level 1.5(0.0) Stealth
 + Level 2.0(0.0) Invocations


You had 5 spell levels left.
You didn't know any spells.

Dungeon Overview and Level Annotations

Branches:
Dungeon (5/15)
 Temple: D:4-7

Altars:
Dithmenos
Elyvilon
Hepliaklqana
Makhleb
Okawaru
Uskayaw
Wu Jian
Zin


Innate Abilities, Weirdness & Mutations

You reflexively headbutt those who attack you in melee.
You have a pair of horns on your head.


Message History

You hear some strange, mumbled words.
A magic dart appears from out of thin air!
The magic dart hits you!
* * * LOW HITPOINT WARNING * * *
You hear some strange, mumbled words.
A puff of frost appears from out of thin air!
The puff of frost hits you!
You miss something. You headbutt something.
You hear some strange, mumbled words.
A puff of frost appears from out of thin air!
The puff of frost hits you!
* * * LOW HITPOINT WARNING * * *
Something hits you.
* * * LOW HITPOINT WARNING * * *
It was a potion of might.
You feel very mighty all of a sudden.
You hear some strange, mumbled words.
A magic dart appears from out of thin air!
The magic dart hits you!
You die...

##.## #...#
#...#
##...### #
......#
#.##....#
#....<..#
####.##.#..#
#@†......
#{)#....#
#$.# ##.#
#..# # #..#
#..# #..#
#..#


There were no monsters in sight!

Vanquished Creatures
  Edmund (D:4)
  2 hounds (D:4)
  Natasha (thrice) (D:2)
  2 orc wizards
  Robin (D:3)
  6 adders
  2 oozes
  An adder skeleton (D:4)
  3 dart slugs (D:1)
  A leopard gecko (D:3)
  15 orcs
  8 bats
  2 giant cockroaches
  19 goblins
  8 hobgoblins
  10 jackals
  2 quokkas
  A ball python (D:2)
  6 frilled lizards
  6 kobolds
  7 rats
106 creatures vanquished.

Vanquished Creatures (others)
  A bat (D:2)
  A quokka (D:2)
2 creatures vanquished.

Grand Total: 108 creatures vanquished

Notes
Turn   | Place    | Note
-------+----------+-------------------------------------------
     0 | D:1      | Lanoc the Minotaur Monk began the quest for the Orb.
     0 | D:1      | Reached XP level 1. HP: 19/19 MP: 0/0
   182 | D:1      | Reached XP level 2. HP: 17/27 MP: 1/1
   275 | D:1      | Reached skill level 1 in Armour
   548 | D:1      | Reached XP level 3. HP: 27/33 MP: 2/2
  1021 | D:2      | Found a white marble altar of Elyvilon.
  1025 | D:2      | Noticed Natasha
  1029 | D:2      | Killed Natasha
  1041 | D:2      | Reached XP level 4. HP: 36/41 MP: 3/3
  1210 | D:2      | Found an iron altar of Okawaru.
  1220 | D:2      | Became a worshipper of Warmaster Okawaru
  1220 | D:2      | Reached * piety under Okawaru
  1220 | D:2      | Reached ** piety under Okawaru
  1233 | D:2      | Noticed Natasha
  1240 | D:2      | Killed Natasha
  1300 | D:2      | Noticed Natasha
  1303 | D:2      | Killed Natasha
  1303 | D:2      | Reached XP level 5. HP: 45/47 MP: 4/4
  1649 | D:3      | Noticed Robin
  1679 | D:3      | Killed Robin
  1952 | D:3      | Reached skill level 5 in Long Blades
  2008 | D:3      | Found a hide-covered altar of Uskayaw.
  2058 | D:3      | Found a burning altar of Makhleb.
  2090 | D:3      | Found a glowing silver altar of Zin.
  2175 | D:3      | Found an ornate altar of the Wu Jian Council.
  2455 | D:4      | Reached skill level 5 in Fighting
  2455 | D:4      | Reached skill level 1 in Invocations
  2473 | D:4      | Reached XP level 6. HP: 35/56 MP: 5/5
  2928 | D:4      | Noticed Edmund
  2951 | D:4      | Killed Edmund
  3123 | D:4      | Found a shadowy altar of Dithmenos.
  3129 | D:4      | Found a hazy altar of Hepliaklqana.
  3208 | D:5      | Entered Level 5 of the Dungeon
  3234 | D:5      | Killed from afar by an orc wizard

Vault maps used:
D:1:      saegor_arrival_simple_d, patterned_corridor
D:2:      nicolae_overflow_crystal_walls, elyvilon_altar_4,
          grunt_decor_one_mirror, grunt_ministairs_15, uniq_natasha
D:3:      lemuel_round_altar, nicolae_overflow_hidden_temple,
          overflow_temple_1_default, zin_scriptorium, hangedman_decor_growths,
          fountainhead, uniq_robin
D:4:      minitemple, first_ration, roderic_roman_lattice, wad_floor_pattern_1,
          uniq_edmund
D:5:      lemuel_crystal_altar, minivault_25, grunt_ministairs_3,
          kennysheep_generic_room_6

Skill      XL: |  1  2  3  4  5  6 |
---------------+-------------------+-----
Armour         | 1 2 3 |  3.9
Long Blades    | 4 5 |  5.6
Fighting       | 4 5 |  5.4
Dodging        | 4 |  4.9
Invocations    | 1 2 |  2.0
Stealth        | |  1.5

Action                   |  1- 3 |  4- 6 || total
-------------------------+-------+-------++-------
Melee: Falchion          |    59 |     3 ||    62
       Headbutt          |     9 |    29 ||    38
       Long sword        |       |   157 ||   157
  Use: Potion            |       |     2 ||     2
 Stab: Sleeping          |     6 |     3 ||     9
  Eat: Chunk             |    20 |     8 ||    28
Armor: Robe              |    16 |     8 ||    24
       Chain mail        |       |    55 ||    55
Dodge: Dodged            |    36 |   109 ||   145
       Rpst.: Falchion   |    11 |       ||    11
       Long sword        |       |    23 ||    23

Table legend:
 A = Spawn XP
 B = Non-spawn XP
 C = Spawn XP percentage of total XP
 D = Spawn monster count
 E = Non-spawn monster count
 F = Spawn count percentage of total count
 G = Total turns spent on level
                    A         B        C        D         E        F      G
               +---------+---------+-------+---------+---------+-------+---------
         Total |       0 |     720 |   0.0 |       0 |     106 |   0.0 |  3234
               +---------+---------+-------+---------+---------+-------+---------
           D:1 |       0 |      56 |   0.0 |       0 |      31 |   0.0 |   923
           D:2 |       0 |     181 |   0.0 |       0 |      22 |   0.0 |   659
           D:3 |       0 |      90 |   0.0 |       0 |      33 |   0.0 |   866
           D:4 |       0 |     353 |   0.0 |       0 |      17 |   0.0 |   760
           D:5 |       0 |      40 |   0.0 |       0 |       3 |   0.0 |    26
               +---------+---------+-------+---------+---------+-------+---------
